 Dungeon Crawl Stone Soup version 0.25-a0-635-g0c6c292ef3 (webtiles) character file.

Game seed: 11788499755180473253, levelgen mode: deterministic

2200 kae the Cleaver (level 9, -6/83 HPs)
             Began as a Hill Orc Fighter on Mar 20, 2020.
             Mangled by an ice beast (14 damage)
             ... on level 7 of the Dungeon.
             The game lasted 00:04:29 (4233 turns).

kae the Cleaver (Hill Orc Fighter)                  Turns: 4233, Time: 00:04:29

Health: -6/83      AC: 10    Str: 22    XL:     9   Next: 34%
Magic:  9/9        EV:  7    Int:  8    God:
Gold:   297        SH:  9    Dex: 10    Spells: 8/8 levels left

rFire    . . .     SeeInvis .   a - +1 war axe
rCold    . . .     Gourm    .   c - +0 kite shield
rNeg     . . .     Faith    .   b - +0 scale mail
rPois    .         Spirit   .   p - +1 helmet
rElec    .         Reflect  .   (no cloak)
rCorr    .         Harm     .   h - +0 pair of gloves
MR       .....                  (no boots)
Stlth    ..........             m - amulet of regeneration
HPRegen  0.63/turn              z - ring of fire
MPRegen  0.11/turn              w - ring of ice

@: mighty
A: no striking features
a: no special abilities


You were on level 7 of the Dungeon.
You were hungry.

You visited 1 branch of the dungeon, and saw 7 of its levels.
You also visited: Sewer.

You collected 297 gold pieces.

Inventory:

Hand Weapons
 a - a +1 war axe (weapon)
Armour
 b - a +0 scale mail (worn)
 c - a +0 kite shield (worn)
 h - a +0 pair of gloves (worn)
 p - a +1 helmet (worn)
Jewellery
 g - an uncursed amulet of the acrobat
 m - an amulet of regeneration (around neck)
 n - an uncursed amulet of magic regeneration
 s - an uncursed amulet of the gourmand
 w - a ring of ice (right hand)
 z - a ring of fire (left hand)
 A - a +6 amulet of reflection
Wands
 q - a wand of random effects (15)
 v - a wand of flame (10)
Scrolls
 l - a scroll of remove curse
 t - 2 scrolls of teleportation
 x - a scroll of enchant armour
Potions
 e - a potion of cancellation {unknown}
 i - a potion of berserk rage {unknown}
 j - a potion of ambrosia {unknown}
 k - a potion of brilliance {unknown}
 o - 4 potions of curing {unknown}
 r - a potion of heal wounds
 u - a potion of resistance {unknown}
Comestibles
 f - 10 rations
 B - 3 chunks of flesh


   Skills:
 + Level 9.1 Fighting
 * Level 12.7 Axes
 - Level 3.2 Armour
 - Level 3.2 Shields


You had 8 spell levels left.
You didn't know any spells.
Your spell library was empty.

Dungeon Overview and Level Annotations

Branches:
Dungeon (7/15)             Temple (0/1) D:7           Sewer (visited)

Altars:
Gozag
Sif Muna
Vehumet
Zin


Message History

You hit the orc warrior.
The orc warrior is lightly wounded.
You slash the orc priest! You block the orc priest's attack.
You slash the orc warrior!
The orc warrior is heavily wounded.
You hit the orc priest.
You kill the orc priest!
The orc warrior hits you with a +0 glaive!
* * * LOW HITPOINT WARNING * * *
You slash the orc warrior!
The orc warrior is severely wounded.
You hit the ice beast but do no damage.
The ice beast hits you but does no damage.
You block the orc warrior's attack.
You barely miss the orc warrior.
The orc warrior is severely wounded.
You slash the ice beast! The ice beast hits you.
* * * LOW HITPOINT WARNING * * *
The ice beast freezes you!
You die...

******* ****. ,,,,,,** *#*,,,.
,,,,,,,** *#.,,**. ,,,,,,,,** ***
##.,*###. ,,,,,,,,,** *,*
#..**#..$ ,,,,,,,,,,*##,*
#.####... ,,,,,,,,,..#..**
#........
,,,,,,,,,......##########.##.#8.8
,,,,,,,,,......o@()........÷.#.).
,,,,,,,,,......Y#######.#..###8.8
*,,,,,,,,.......* #.?..##≈≈...
*,,,,,,,,.......* ##...##≈≈≈8.8
,,,,,,,,,.......#####%$.^#≈≈≈≈#)#
,,,,,,,,,...............##≈≈.##)#
,,,,,,,,,......#####.##.#≈≈≈.#...
,,,,,,,,,......#####.*#.##≈≈.#...
,,,,,,,,,,,***,..#..,*#..#≈≈.##_#


You could see an orc warrior and an ice beast.

Vanquished Creatures
  Edmund (D:4)
  Purgy (Sewer)
  An orc warrior (D:7)
  An ice beast (D:7)
  A phantom (D:6)
  2 centaurs
  4 bullfrogs
  2 scorpions
  3 killer bees (D:7)
  4 howler monkeys
  3 crimson imps
  A bullfrog zombie (D:7)
  2 hounds
  A jelly (D:6)
  3 orc priests
  A centaur skeleton (D:5)
  Natasha (thrice) (D:3)
  4 iguanas
  5 orc wizards
  3 worker ants
  A hound skeleton (D:7)
  Robin (D:2)
  3 adders
  2 river rats (D:5)
  A shadow imp (D:7)
  An adder skeleton (D:7)
  3 worms
  2 dart slugs
  6 leopard geckos
  9 orcs
  3 ball pythons (D:5)
  5 bats
  4 giant cockroaches
  13 goblins
  9 hobgoblins
  5 jackals
  3 frilled lizards
  14 kobolds
  A leopard gecko skeleton (D:4)
  A leopard gecko zombie (D:6)
  12 rats
145 creatures vanquished.

Notes
Turn   | Place    | Note
-------+----------+-------------------------------------------
     0 | D:1      | kae the Hill Orc Fighter began the quest for the Orb.
     0 | D:1      | Reached XP level 1. HP: 19/19 MP: 1/1
    59 | D:1      | Reached skill level 3 in Axes
   120 | D:1      | Reached XP level 2. HP: 27/27 MP: 2/2
   350 | D:1      | Reached skill level 4 in Axes
   371 | D:1      | Reached XP level 3. HP: 30/33 MP: 3/3
   687 | D:2      | Noticed Robin
   831 | D:2      | Killed Robin
   831 | D:2      | Reached XP level 4. HP: 23/41 MP: 4/4
  1234 | D:2      | Reached skill level 5 in Axes
  1411 | D:2      | Found an opulent altar of Gozag.
  1942 | D:3      | Noticed Natasha
  1953 | D:3      | Killed Natasha
  1953 | D:3      | Reached XP level 5. HP: 31/47 MP: 5/5
  2038 | D:3      | Noticed Natasha
  2045 | D:3      | Killed Natasha
  2045 | D:3      | Reached skill level 6 in Axes
  2122 | D:3      | Noticed Natasha
  2134 | D:3      | Killed Natasha
  2134 | D:3      | Reached skill level 5 in Fighting
  2462 | D:4      | Reached XP level 6. HP: 56/56 MP: 6/6
  2484 | D:4      | Reached skill level 7 in Axes
  2778 | D:4      | Noticed Edmund
  2789 | D:4      | Killed Edmund
  2789 | D:4      | Reached skill level 8 in Axes
  2789 | D:4      | Reached XP level 7. HP: 63/63 MP: 7/7
  2852 | D:4      | Found a glowing silver altar of Zin.
  3043 | D:5      | Entered Level 5 of the Dungeon
  3110 | D:5      | Reached skill level 9 in Axes
  3460 | D:5      | Found a glowing drain.
  3474 | Sewer    | Entered a sewer
  3630 | Sewer    | Noticed Purgy
  3644 | Sewer    | Killed Purgy
  3644 | Sewer    | Reached XP level 8. HP: 71/73 MP: 8/8
  3783 | D:6      | Reached skill level 10 in Axes
  3830 | D:6      | Found a radiant altar of Vehumet.
  3873 | D:7      | Reached skill level 11 in Axes
  4152 | D:7      | Reached XP level 9. HP: 68/82 MP: 9/9
  4157 | D:7      | Found a shimmering blue altar of Sif Muna.
  4162 | D:7      | Reached skill level 12 in Axes
  4233 | D:7      | Mangled by an ice beast

Levels and vault maps discovered:
D:1:      scummos_arrival_hexagon, layout_loops_ring
D:2:      layout_basic, lemuel_coloured_pillars_altar,
          nicolae_overflow_hidden_temple, uniq_robin
D:3:      layout_loops_ring, first_ration, uniq_natasha
D:4:      layout_cave_pools, kennysheep_little_box, st_stairs_12, uniq_edmund
D:5:      layout_rooms, portal_sewer_entry_e, hex_large, eino_curves_03,
          st_stairs_9
D:6:      layout_loops_ring, vehumet_altar_wand_db, uniq_grinder
D:7:      kennysheep_orc_sif_temple, layout_rooms, minmay_temple_entry_hall

Skill      XL: |  1  2  3  4  5  6  7  8  9 |
---------------+----------------------------+-----
Axes           | 3 4 5 6 8 9 11 12 | 12.7
Fighting       | 4 5 6 7 8 9 |  9.1
Armour         | |  3.2
Shields        | |  3.2

Action                   |  1- 3 |  4- 6 |  7- 9 || total
-------------------------+-------+-------+-------++-------
Melee: War axe           |    96 |   168 |   206 ||   470
Evoke: Wand              |       |     4 |     1 ||     5
  Use: Scroll            |       |    10 |     5 ||    15
       Potion            |       |       |     3 ||     3
 Stab: Paralysed         |       |     7 |       ||     7
  Eat: Chunk             |       |     7 |     4 ||    11
Armor: Scale mail        |    45 |    85 |    81 ||   211
Dodge: Dodged            |    33 |    48 |    59 ||   140
Block: Kite shield       |    55 |    66 |   100 ||   221

Table legend:
 A = Non-vault XP
 B = Vault XP
 C = Vault XP percentage of total XP
 D = Non-vault monster count
 E = Vault monster count
 F = Vault count percentage of total count
                 A         B        C        D         E       F
            +---------+---------+-------+---------+---------+-------
      Total |    2418 |     725 |  23.1 |     110 |      35 |  24.1
            +---------+---------+-------+---------+---------+-------
        D:1 |      39 |       0 |   0.0 |      22 |       0 |   0.0
        D:2 |      38 |      35 |  47.9 |      15 |      11 |  42.3
        D:3 |     106 |      37 |  25.9 |      19 |       1 |   5.0
        D:4 |     248 |     208 |  45.6 |      10 |       2 |  16.7
        D:5 |     408 |      44 |   9.7 |      12 |      10 |  45.5
        D:6 |     399 |       2 |   0.5 |       6 |       1 |  14.3
        D:7 |    1180 |     249 |  17.4 |      26 |       4 |  13.3
      Sewer |       0 |     150 | 100.0 |       0 |       6 | 100.0
            +---------+---------+-------+---------+---------+-------
